 Dungeon Crawl Stone Soup version 0.31-a0-175-g9f7f995f2b (webtiles) character file.

Game seed: 6032940924019201140

225 qw the Trooper (level 6, -2/40 HPs)
             Began as a Gargoyle Hunter on June 16, 2023.
             Was an Initiate of Okawaru.
             Slain by an orc
             ... wielding a +0 hand axe
              (4 damage)
             ... on level 3 of the Dungeon.
             The game lasted 00:00:28 (1511 turns).

qw the Trooper (Gargoyle Hunter)                    Turns: 1511, Time: 00:00:28

Health: -2/40      AC:  9    Str: 14    XL:     6   Next: 1%
Magic:  6/6        EV: 10    Int: 10    God:    Okawaru [......]
Gold:   131        SH:  0    Dex: 15    Spells: 5/5 levels left

rFire   . . .        Y - +0 shortbow
rCold   . . .        (shield currently unavailable)
rNeg    + . .        a - +0 ring mail
rPois   inf          (no helmet)
rElec   +            (no cloak)
rCorr   .            (no gloves)
SInv    .            (no boots)
Will    .....        (no amulet)
Stlth   +            (no ring)
HPRegen 0.26/turn    (no ring)
MPRegen 0.10/turn

%: no passive effects
@: no status effects
A: sickness immunity, AC +4, negative energy resistance 1, electricity
resistance, torment resistance 1, petrification resistance
a: Renounce Religion


You were on level 3 of the Dungeon.
You worshipped Okawaru.
Okawaru was noncommittal.
You visited 1 branch of the dungeon, and saw 3 of its levels.

You collected 131 gold pieces.


Innate Abilities, Weirdness & Mutations

You are immune to sickness and miasma.
Your stone body is resilient. (AC +4)
You are immune to poison.
You resist negative energy. (rN+)
You are resistant to electric shocks. (rElec)
You are resistant to unholy torment.
You are immune to petrification.


   Skills:
 - Level 5.6 Fighting
 - Level 5.0 Ranged Weapons
 + Level 0.4 Armour
 - Level 1.5 Dodging
 - Level 1.1 Stealth


You had 5 spell levels left.
You didn't know any spells.
Your spell library was empty.

Inventory:

Hand Weapons
 Y - a +0 shortbow (weapon)
Armour
 a - a +0 ring mail (worn)
Scrolls
 e - a scroll of enchant armour
Potions
 b - a potion of curing
 f - a potion of degeneration {unknown}

Dungeon Overview and Level Annotations

Branches:
Dungeon (3/15)

Altars:
Okawaru


Message History

A rat comes into view.
An orc priest comes into view. It is wielding a +0 club.
You shoot an arrow. The arrow hits the orc.
The orc is heavily wounded.
The orc barely misses you.
You shoot an arrow. The arrow hits the orc.
The orc is severely wounded.
The orc hits you but does no damage.
You shoot an arrow. The arrow hits the orc!
You kill the orc!
Okawaru accepts your kill. The orc hits you but does no damage.
The orc priest casts a cantrip, but nothing happens.
The orc hits you but does no damage. The orc misses you.
You have reached level 6!
You shoot an arrow. The arrow hits the orc.
You kill the orc!
Okawaru accepts your kill. The orc closely misses you.
You shoot an arrow. The arrow barely misses the orc.
The orc priest mumbles some strange prayers to Beogh against you.
Beogh smites you! The orc closely misses you.
You shoot an arrow. The arrow hits the orc.
The orc is lightly wounded.
The orc priest calls upon Beogh to heal the orc.
The orc's wounds heal themselves!
The orc hits you but does no damage. The rat bites you but does no damage.
You shoot an arrow. The arrow closely misses the orc.
The orc priest calls down the wrath of Beogh upon you.
Beogh smites you! The orc hits you but does no damage.
The rat bites you but does no damage. The orc closely misses you.
The rat bites you but does no damage.
You shoot an arrow. The arrow hits the orc.
The orc is lightly wounded.
The orc priest invokes the aid of Beogh against you.
Beogh smites you! The rat bites you but does no damage.
The orc hits you but does no damage.
You shoot an arrow. The arrow barely misses the orc.
The orc hits you with a +0 hand axe.
You die...

#...#
###.#
#.######
#......#
##.....#
#.....#
#.....#
#####.#
#@# #ro.#
..o.>..
##........
#........
#........
#........
#........


You could see an orc priest, an orc and a rat.

Vanquished Creatures
  Sigmund (D:2)
  A gnoll (D:1)
  A worm (D:2)
  2 orcs (D:3)
  3 ball pythons
  2 endoplasms (D:1)
  3 giant cockroaches
  3 goblins (D:1)
  5 hobgoblins
  2 jackals
  A quokka (D:2)
  A frilled lizard (D:1)
  3 kobolds
  6 rats
34 creatures vanquished.

Notes
Turn   | Place    | Note
-------+----------+-------------------------------------------
     0 | D:1      | qw the Gargoyle Hunter began the quest for the Orb.
     0 | D:1      | Reached XP level 1. HP: 12/12 MP: 1/1
     0 | D:1      | 0 ||| qw: Version: 0.2-a-29-g511e9b1
     0 | D:1      | 0 ||| qw: Game counter: 5925
     0 | D:1      | 0 ||| qw: Always use a shield: true
     0 | D:1      | 0 ||| qw: God list: Okawaru
     0 | D:1      | 0 ||| qw: Allow faded altars: false
     0 | D:1      | 0 ||| qw: Do Orc after D:15 true
     0 | D:1      | 0 ||| qw: Do second Lair branch before Depths: true
     0 | D:1      | 0 ||| qw: Lair rune preference: random
     0 | D:1      | 0 ||| qw: Plans: Normal, Zot:1-4, Slime:5, God:TSO, Crypt,
                  | Tomb, Abyss, Pan, Hells, Win
     0 | D:1      | 0 ||| PLANNING D:1-11
   119 | D:1      | Reached XP level 2. HP: 17/17 MP: 2/2
   252 | D:1      | Reached XP level 3. HP: 18/21 MP: 3/3
   583 | D:1      | 583 ||| READING scroll labelled CUAPIN VEEQOCU.
   584 | D:1      | 584 ||| READING 2 scrolls labelled FEPUGE EBREGI.
   585 | D:1      | 585 ||| READING scroll labelled QERCHA JYUME.
   586 | D:1      | 586 ||| DROPPING scroll of butterflies.
   600 | D:2      | 600 ||| STAIRDANCE
   775 | D:2      | Noticed Sigmund
   784 | D:2      | Killed Sigmund
   785 | D:2      | Reached XP level 4. HP: 13/31 MP: 4/4
   785 | D:2      | Reached XP level 5. HP: 15/36 MP: 5/5
   786 | D:2      | 786 ||| FLEEEEING.
  1064 | D:2      | Found an iron altar of Okawaru.
  1065 | D:2      | 1065 ||| PLANNING OKAWARU WORSHIP
  1065 | D:2      | 1065 ||| UPGRADING to +0 ring mail.
  1075 | D:2      | 1075 ||| DROPPING +0 leather armour.
  1076 | D:2      | 1076 ||| READING scroll labelled XUOROM YDEN.
  1077 | D:2      | 1077 ||| READING scroll labelled URINURCHIR.
  1132 | D:2      | Became a worshipper of Warmaster Okawaru
  1133 | D:2      | 1133 ||| PLANNING D:1-11
  1470 | D:2      | 1470 ||| DRINKING 2 blue potions.
  1506 | D:3      | Reached XP level 6. HP: 40/40 MP: 6/6
  1510 | D:3      | HP: 1/40 [orc priest/divine providence (15)]
  1511 | D:3      | Slain by an orc

Levels and vault maps discovered:
D:1:      mrwooster_arrival_arrow, layout_loops_ring
D:2:      layout_loops_ring, basic_altar, minmay_misc_feat_enclosed,
          kennysheep_generic_room_4, uniq_sigmund
D:3:      layout_basic, mainiacjoe_overflow_tiny_flanked,
          hangedman_decor_peaks_small, uniq_ijyb

Skill      XL: |  1  2  3 |
---------------+----------+-----
Ranged Weapons | 5 |  5.0
Fighting       | 5 |  5.6
Armour         | |  0.4
Dodging        | |  1.5
Stealth        | |  1.1

Action                     |  1- 3 |  4- 6 || total
---------------------------+-------+-------++-------
   Fire: Shortbow          |    79 |    28 ||   107
    Use: Scroll            |     3 |     2 ||     5
         Potion            |       |     1 ||     1
 Armour: Leather armour    |    14 |     1 ||    15
         Ring mail         |       |    12 ||    12
  Dodge: Dodged            |    20 |     5 ||    25

Table legend:
 A = Non-vault XP
 B = Vault XP
 C = Vault XP percentage of total XP
 D = Non-vault monster count
 E = Vault monster count
 F = Vault count percentage of total count
                 A         B        C        D         E       F
            +---------+---------+-------+---------+---------+-------
      Total |      75 |     247 |  76.7 |      33 |       1 |   2.9
            +---------+---------+-------+---------+---------+-------
        D:1 |      43 |       0 |   0.0 |      17 |       0 |   0.0
        D:2 |      26 |     247 |  90.5 |      14 |       1 |   6.7
        D:3 |       6 |       0 |   0.0 |       2 |       0 |   0.0
            +---------+---------+-------+---------+---------+-------
